 Dungeon Crawl Stone Soup version 0.30-a0-476-g330ca2eb8e (webtiles) character file.

Game seed: 14135274495702297431

324 xzight the Firebug (level 6, -10/34 HPs)
             Began as a Deep Elf Fire Elementalist on Dec 22, 2022.
             Was an Initiate of Ashenzari.
             Mangled by a gnoll sergeant
             ... wielding a +5 vorpal spear
              (16 damage)
             ... on level 5 of the Dungeon.
             The game lasted 00:11:34 (5130 turns).

xzight the Firebug (Deep Elf Fire Elementalist)     Turns: 5130, Time: 00:11:35

Health: -10/34     AC:  3    Str:  5    XL:     6   Next: 23%
Magic:  2/14       EV: 13    Int: 22    God:    Ashenzari [......]
Gold:   223        SH:  0    Dex: 15    Spells: 4/14 levels left

rFire   + . .      SeeInvis .    o - +5 dagger (venom)
rCold   + . .      Faith    .    (no shield)
rNeg    . . .      Spirit   .    a - +0 robe
rPois   .          Reflect  .    l - +0 helmet
rElec   .          Harm     .    (no cloak)
rCorr   .          Rampage  .    (no gloves)
Will    .....                    (no boots)
Stlth   ++........               (no amulet)
HPRegen 0.25/turn                F - ring of protection from fire
MPRegen 0.14/turn                C - ring of protection from cold

@: no status effects
A: no striking features
a: Renounce Religion


You were on level 5 of the Dungeon.
You worshipped Ashenzari.
Ashenzari was noncommittal.
You visited 2 branches of the dungeon, and saw 6 of its levels.

You collected 223 gold pieces.


   Skills:
 + Level 1.4 Fighting
 + Level 4.0 Dodging
 - Level 2.4 Stealth
 + Level 4.5 Spellcasting
 + Level 3.0 Conjurations
 + Level 1.4 Translocations
 * Level 5.0 Fire Magic


You had 4 spell levels left.
You knew the following spells:

 Your Spells              Type           Power      Damage    Failure   Level
a - Foxfire               Conj/Fire      88%        2x1d8     1%          1
b - Scorch                Fire           52%        2d8       1%          2
c - Blink                 Tloc           22%        N/A       9%          2
d - Fireball              Conj/Fire      11%        3d7       50%         5

Your spell library contained the following spells:

 Spells                   Type           Power      Damage    Failure   Level
 Kiss of Death            Conj/Necr      44%        2d8       6%          1
 Momentum Strike          Conj/Tloc      28%        3d8       6%          2
 Freeze                   Ice            16%        1d4       11%         1
 Inner Flame              Hex/Fire       15%        N/A       12%         3
 Kindle Blastsparks       Fire/Tloc/Air  28%        2d12      13%         3
 Hailstorm                Conj/Ice       11%        3d5       17%         3
 Lesser Beckoning         Tloc           22%        N/A       19%         3
 Flame Wave               Conj/Fire      22%        2d8       21%         4
 Confusing Touch          Hex            4%         N/A       32%         3
 Frozen Ramparts          Ice            8%         1d2       32%         3
 Dispel Undead            Necr           4%         3d7       71%         4
 Iskenderun's Battlesphe  Conj           18%        2d7       63%         5
 Conjure Ball Lightning   Conj/Air       5%         3x3d7     100%        6
 Orb of Destruction       Conj           9%         9d6       100%        7

Inventory:

Hand Weapons
 o - a +5 dagger of venom (weapon)
Armour
 a - a +0 robe (worn)
 l - a +0 helmet (worn)
Magical Staves
 h - a staff of earth {!a}
Jewellery
 C - a ring of protection from cold (right hand)
 F - a ring of protection from fire (left hand)
 I - a +6 ring of intelligence
 W - a ring of willpower
Scrolls
 c - 2 scrolls of identify {@r1}
 d - 2 scrolls of immolation {unknown}
 e - 2 scrolls of amnesia {unknown}
 g - a scroll of blinking
 i - a scroll of magic mapping {unknown}
 j - 2 scrolls of fear {unknown}
 k - a scroll of teleportation {unknown}
 m - a scroll of enchant armour {unknown}
 p - a scroll of vulnerability {unknown}
Potions
 b - 2 potions of magic
 f - 3 potions of berserk rage {unknown}
 n - a potion of degeneration

Dungeon Overview and Level Annotations

Branches:
Dungeon (5/15)             Temple (1/1) D:4

Altars:
Ashenzari
Hepliaklqana
Okawaru
Ru
Trog
Xom
Yredelemnul
The Shining One

Annotations:
D:2 exclusion: upstairs

#.. #)## #..
#)#####.#
#.......#
#.####### #.#
####g# #.@).#
#.####
###.####
#......#
#.#.##.#
#.#.##.#
#.#.##.#
##.#.##.#####
#...........#


You could see a gnoll sergeant.


Message History

Confirm with . or Enter, or press ? or * to list all spells.
Flames lash the gnoll.
The gnoll is lightly wounded.
The gnoll's fire resistance burns away.
The gnoll barely misses you.
Casting: Scorch (safe; 1% risk of failure)
Confirm with . or Enter, or press ? or * to list all spells.
Flames lash the gnoll.
The gnoll is burned terribly!
You kill the gnoll!
Your Fire Magic skill increases to level 5!
Casting: Scorch (safe; 1% risk of failure)
Confirm with . or Enter, or press ? or * to list all spells.
Flames lash the gnoll sergeant.
The gnoll sergeant is moderately wounded.
The gnoll sergeant's fire resistance burns away.
The gnoll sergeant hits you from afar with a +5 vorpal spear!
* * * LOW HITPOINT WARNING * * *
The gnoll misses you. The gnoll sergeant misses you.
The gnoll barely misses you. The gnoll attacks as you move away!
The gnoll hits you with a +0 whip!
* * * LOW HITPOINT WARNING * * *
The gnoll attacks as you move away! The gnoll hits you with a +0 whip.
* * * LOW HITPOINT WARNING * * *
The gnoll sergeant is no longer more vulnerable to fire.
Casting: Scorch (safe; 1% risk of failure)
Confirm with . or Enter, or press ? or * to list all spells.
Flames lash the gnoll.
You kill the gnoll!
The gnoll sergeant hits you from afar with a +5 vorpal spear!
You die...

Skill      XL: |  1  2  3  4  5  6 |
---------------+-------------------+-----
Dodging        | 3 4 |  4.0
Conjurations   | 2 3 |  3.0
Fire Magic     | 4 5 |  5.0
Spellcasting   | 4 |  4.5
Fighting       | 1 |  1.4
Translocations | 1 |  1.4
Stealth        | |  2.4

Action                   |  1- 3 |  4- 6 || total
-------------------------+-------+-------++-------
 Cast: Foxfire           |    88 |    59 ||   147
       Scorch            |     7 |    33 ||    40
       Blink             |       |     1 ||     1
  Use: Potion            |       |     4 ||     4
       Scroll            |       |     2 ||     2
Armor: Robe              |     2 |     1 ||     3
Dodge: Dodged            |    12 |    28 ||    40

Levels and vault maps discovered:
D:1:      nzn_arrival_crosshair, layout_rooms
D:2:      layout_rooms, basic_altar, minmay_split_cup_small
D:3:      layout_basic, tso_altar
D:4:      layout_loops_ring, minmay_temple_entry_junction, uniq_robin
D:5:      layout_loops_cross, mainiacjoe_overflow_cross_hatched,
          eino_small_chamber_without_monster, uniq_crazy_yiuf_cottage
Temple:   nicolae_temple_slightly_damp_pantheon

Notes
Turn   | Place    | Note
-------+----------+-------------------------------------------
     0 | D:1      | xzight the Deep Elf Fire Elementalist began the quest for
                  | the Orb.
     0 | D:1      | Reached XP level 1. HP: 10/10 MP: 6/6
   399 | D:1      | Reached XP level 2. HP: 15/15 MP: 5/8
   596 | D:1      | Learned a level 2 spell: Scorch
   954 | D:2      | Reached skill level 3 in Dodging
  1049 | D:2      | Reached skill level 2 in Conjurations
  1049 | D:2      | Reached XP level 3. HP: 19/19 MP: 2/10
  1476 | D:2      | Found a shimmering altar of Xom.
  1860 | D:3      | Reached XP level 4. HP: 24/24 MP: 8/11
  1957 | D:3      | Found a glowing golden altar of the Shining One.
  2029 | D:3      | Reached skill level 4 in Fire Magic
  2952 | D:3      | Learned a level 2 spell: Blink
  3216 | D:4      | Reached skill level 4 in Spellcasting
  3223 | D:4      | Reached XP level 5. HP: 20/28 MP: 0/13
  3353 | D:4      | Found a staircase to the Ecumenical Temple.
  3354 | D:4      | Noticed Robin
  3734 | D:4      | Reached skill level 1 in Fighting
  3742 | D:4      | Killed Robin
  3743 | D:4      | Reached skill level 1 in Translocations
  3826 | Temple   | Entered the Ecumenical Temple
  3906 | Temple   | Became a worshipper of Ashenzari the Shackled
  4343 | D:4      | Reached XP level 6. HP: 34/34 MP: 8/14
  4608 | D:4      | Found a staircase to the Ecumenical Temple.
  5000 | D:5      | Entered Level 5 of the Dungeon
  5080 | D:5      | Learned a level 5 spell: Fireball
  5112 | D:5      | Reached skill level 3 in Conjurations
  5115 | D:5      | Reached skill level 4 in Dodging
  5122 | D:5      | Reached skill level 5 in Fire Magic
  5130 | D:5      | Mangled by a gnoll sergeant

Vanquished Creatures
  A jelly (D:5)
  A gnoll bouda (D:4)
  2 iguanas (D:4)
  An orc wizard (D:4)
  Robin (D:4)
  6 gnolls
  4 adders (D:2)
  2 worms
  A dart slug (D:3)
  13 orcs
  3 ball pythons
  4 endoplasms
  2 giant cockroaches (D:1)
  14 goblins
  5 hobgoblins
  6 kobolds
  A quokka (D:4)
  4 bats
  2 frilled lizards (D:1)
  6 rats
79 creatures vanquished.

Vanquished Creatures (others)
  236 foxfires
236 creatures vanquished.

Grand Total: 315 creatures vanquished

Table legend: (Time is in decaauts)
 A = Elapsed time spent in this place.
 B = Non-inter-level travel time spent in this place.
 C = Inter-level travel time spent in this place.
 D = Time resting spent in this place.
 E = Time spent auto-exploring this place.
 F = Levels seen in this place.
 G = Mean time per level.
                   A        B        C        D        E       F      G
               +--------+--------+--------+--------+--------+-----+--------+
         Total |   5132 |   4843 |    289 |    893 |   3201 |   6 |  855.3 |
       Dungeon |   5037 |   4762 |    275 |    893 |   3133 |   5 | 1007.4 |
        Temple |     94 |     80 |     14 |      0 |     68 |   1 |   94.0 |
               +--------+--------+--------+--------+--------+-----+--------+

Top non-repeatable levels by time:
     D:3: 1592 daAuts
     D:4: 1388 daAuts
     D:2: 1024 daAuts
     D:1: 903 daAuts
     D:5: 129 daAuts
  Temple: 94 daAuts

Table legend:
 A = Non-vault XP
 B = Vault XP
 C = Vault XP percentage of total XP
 D = Non-vault monster count
 E = Vault monster count
 F = Vault count percentage of total count
                 A         B        C        D         E       F
            +---------+---------+-------+---------+---------+-------
      Total |     425 |      54 |  11.3 |      65 |      14 |  17.7
            +---------+---------+-------+---------+---------+-------
        D:1 |      19 |       0 |   0.0 |      12 |       0 |   0.0
        D:2 |      61 |      16 |  20.8 |      16 |       3 |  15.8
        D:3 |      48 |       0 |   0.0 |      14 |       0 |   0.0
        D:4 |     202 |      38 |  15.8 |      16 |      11 |  40.7
        D:5 |      95 |       0 |   0.0 |       7 |       0 |   0.0
            +---------+---------+-------+---------+---------+-------
